Map: Ruins of Seras

Players

LindyHop - Winner!

  • Race: Zerg Zerg
  • League: Platinum

mystic

  • Race: Terran Terran
  • League: Gold

VOD

Have the link to the VOD?

Description

Time

  • Played on: Jan. 9, 2016, 1:22 p.m.
  • Length: 5:55
Show
View Real Time Build Order
Export as new Build Order

LindyHop Zerg - Winner!

Build Orders: Hatch First 

Get SALT Encoding   

  12  0:01  Drone  
  13  0:12  Overlord  
  13  0:17  Drone  
  14  0:31  Drone x2  
  14  0:34  Drone  
  17  0:55  Hatchery  
  16  0:58  Drone  
  17  1:05  Drone  
  17  1:08  Drone, Extractor  
  18  1:22  Spawning Pool  
  18  1:24  Drone  
  18  1:31  Drone  
  19  1:40  Overlord  
  19  1:59  Drone  
  20  2:09  Metabolic Boost  
  20  2:10  Queen  
  20  2:11  Queen  
  20  2:15  Zergling x2  
  25  2:17  Zergling x2  
  25  2:21  Drone  
  27  2:40  Baneling Nest  
  26  2:46  Queen  
  28  2:51  Zergling x4  
  30  2:59  Zergling x6  
  33  3:06  Zergling x2  
  33  3:11  Extractor  
  33  3:19  Drone x3  
  34  3:28  Queen  
  35  3:35  Zergling x2  
  35  3:36  Overlord x2  
  36  3:43  Evolution Chamber  
  35  4:00  Drone x3  
  38  4:05  Zergling x6  
  38  4:06  Zergling x6  
  41  4:18  Roach Warren  
  41  4:19  Drone  
  41  4:22  Drone  
  42  4:31  Lair  
  42  4:32  Drone  
  42  4:36  Drone  
  42  4:37  Drone  
  45  4:40  Drone  
  46  4:47  Drone  
  46  4:48  Drone x2  
  49  4:54  Drone  
  49  4:55  Drone x2  
  52  5:04  Overlord  
  52  5:05  Overlord  
  52  5:08  Extractor  
  52  5:10  Spore Crawler  
  52  5:13  Spore Crawler  
  48  5:24  Baneling  
  48  5:25  Baneling x8  
Show
View Real Time Build Order
Export as new Build Order

mystic Terran 

Build Orders:  

Get SALT Encoding   

  12  0:01  SCV  
  13  0:13  SCV  
  14  0:18  Supply Depot  
  14  0:25  SCV  
  15  0:40  SCV, Barracks  
  16  0:46  Refinery  
  16  0:52  SCV  
  17  1:04  SCV  
  18  1:16  SCV  
  19  1:27  Supply Depot  
  19  1:29  Reaper, Orbital Command  
  20  1:34  Barracks  
  20  1:48  Barracks  
  20  1:57  SCV  
  20  2:01  Reaper  
  22  2:11  SCV  
  23  2:24  SCV  
  23  2:25  Reaper  
  25  2:42  Reaper x2  
  27  2:58  SCV  
  28  3:09  Command Center  
  28  3:41  Barracks Tech Lab  
  28  3:42  Barracks Reactor  
  28  3:52  Barracks Reactor  
  28  4:05  Factory  
  26  4:22  Orbital Command  
  24  4:28  Marine x4  
  24  4:29  Supply Depot  
  24  4:31  Marine  
  28  4:32  SCV  
  30  4:46  Marine x2  
  30  4:47  Barracks x2  
  30  4:48  Factory Reactor  
  30  4:51  SCV  
  30  4:52  Marine x3  
  33  5:08  Marine x2  
  33  5:10  Marine  
  36  5:15  Marine  
  36  5:16  Marine  
  36  5:20  Supply Depot  
  38  5:36  Barracks Reactor  
  38  5:38  Barracks Reactor  
Tags
 
Add a new tag
Caveats
  • Supply blocks, unpowered buildings, or Contaminate may cause inaccurate times.
  • Supply counts are checked every 10 seconds.